 Dungeon Crawl Stone Soup version 0.31-a0-978-g1e143483b6 (webtiles) character file.

Game seed: 8324696377173301733

427 ytrimaz the Covert (level 6, -1/57 HPs)
             Began as an Octopode Shapeshifter on Oct 30, 2023.
             Slain by a gnoll
             ... wielding a +0 whip
              (4 damage)
             ... on level 3 of the Dungeon.
             The game lasted 00:04:54 (3120 turns).

ytrimaz the Covert (Octopode Shapeshifter)          Turns: 3120, Time: 00:04:55

Health: -1/57      AC:  1    Str: 14    XL:     6   Next: 97%
Magic:  6/6        EV: 13    Int: 12    God:
Gold:   205        SH:  0    Dex: 19    Spells: 5/5 levels left

rFire   . .          .
                       - Unarmed
rCold   . . .        (no shield)
rNeg    . . .        (helmet currently unavailable)
rPois   .            o - amulet of faith
rElec   .            n - +6 ring of dexterity
rCorr   .            (no ring)
SInv    .            (no ring)
Will    .....        (no ring) Stlth
                     (no ring)
HPRegen 0.29/turn    (no ring)
MPRegen 0.10/turn    (no ring)
                     (no ring)

%: faith
@: berserking, beast-form, very quick
A: beast (slay +1), almost no armour, amphibious, 8 rings, camouflage 1,
gelatinous body 1, (nimble swimmer 1), tentacles
a: Begin Untransformation


You were on level 3 of the Dungeon.
You were a hulking beast.
You visited 1 branch of the dungeon, and saw 3 of its levels.

You collected 205 gold pieces.


Innate Abilities, Weirdness & Mutations

You are a hulking beast.
Your limbs bulge with bestial killing power. (Slay +1)
You cannot wear most types of armour.
You are amphibious.
You can wear up to eight rings at the same time.
Your skin changes colour to match your surroundings (Stealth+).
Your rubbery body absorbs attacks. (AC +1, EV +1)
((You are camouflaged when in or above water. (Stealth+)))
You have tentacles for arms and can constrict up to eight enemies at once.


   Skills:
 - Level 1.0 Fighting
 - Level 2.0 Dodging
 + Level 9.8 Stealth
 - Level 3.0 Unarmed Combat
 - Level 3.0 Shapeshifting


You had 5 spell levels left.
You didn't know any spells.
Your spell library was empty.

Inventory:

Jewellery
 n - a +6 ring of dexterity (left tentacle)
   (You found it on level 2 of the Dungeon)
 o - an amulet of faith (around mantle)
   (You found it on level 2 of the Dungeon)
Talismans
 b - a beast talisman
 c - a flux talisman
 k - a blade talisman
   (You found it on level 1 of the Dungeon)
Scrolls
 e - a scroll of poison
 g - 2 scrolls of blinking {unknown}
 h - a scroll of teleportation {unknown}
 j - a scroll of vulnerability {unknown}
 l - 2 scrolls of enchant weapon {unknown}
 m - 6 scrolls of identify {unknown}
 p - a scroll of fear {unknown}
Potions
 a - a potion of lignification
 d - a potion of berserk rage
 f - a potion of enlightenment {unknown}
 i - a potion of curing {unknown}
 q - a potion of attraction {unknown}

Dungeon Overview and Level Annotations

Branches:
Dungeon (3/15) Zot: 14890

Altars:
Cheibriados ######)###....#)#.~≈≈.. o.. #....#)#.~≈≈.. ggg..

##'###.#.~≈~.. .o.og..
#.....)#.~~~.. ..o....
#g.o...#.~≈~..
#########################.#.~≈~..
....)..#....#...........#.#.~≈~..
......)'..).'))g........).#.≈≈~..
.......#....#...hg.)....#'###~~..
########''''#############...#≈~P.
........................#...#≈~..
~~~≈~~~~....))~~≈~)~~~)≈#####≈~..
≈≈~≈≈≈≈~....≈≈≈≈≈≈≈≈≈≈≈≈≈≈≈≈≈≈~..
≈~~~~~≈≈....~~~≈))≈~≈≈)≈~~≈≈~~~..
............)..).....)...........
........<...########...)#########
...#.##.....####........#


You could see 2 gnolls.


Message History

You are too injured to fight recklessly!
You tentacle-slap the orc. You grab the orc. You squeeze the orc.
You kill the orc!
Things that are here:
a +0 flail; 2 boomerangs; an orc corpse; 😮 HP[+1] Unknown command.
You start resting.
An orc is nearby!
Unknown command.
An orc is nearby!
An orc is nearby! 😕 HP[+7]
You regained 7 hp, and now have 35/38 hp. 😕 HP[+1] Unknown command.
You closely miss the orc.
The orc shouts!
You grab the orc. You squeeze the orc. You constrict the orc.
The orc barely misses you.
You tentacle-slap the orc.
You constrict the orc, but do no damage.
The orc hits you with a +0 trident. 😕 HP[-6]
You take 6 damage, and now have 30/38 hp.
You tentacle-slap the orc.
You kill the orc! 😕 HP[+1] Unknown command.
Things that are here:
a +0 trident; a +0 leather armour An orc is nearby! 😕 HP[+1] 😕 HP[+1]
There is an open door here.
The gnoll hits you with a +0 flail! 😮 HP[-7]
You take 7 damage, and now have 26/38 hp.
Unknown command. 😮 HP[+1]
The orc attacks as it pursues you! The orc hits you but does no damage.
There is an open door here.
The orc hits you with a +0 dagger. 😮 HP[-3]
You take 3 damage, and now have 24/38 hp.
You tentacle-slap the orc. You grab the orc. You constrict the orc.
The orc closely misses you. 😮 HP[+1] Unknown command.
You tentacle-slap the orc.
You kill the orc!
Unknown command.
You barely miss the gnoll. Your grab misses the gnoll.
You tentacle-slap the gnoll but do no damage.
You grab the gnoll. You constrict the gnoll. The gnoll hits you with a +0 whip.
The gnoll barely misses you. 😮 HP[-3]
You take 3 damage, and now have 22/38 hp.
You tentacle-slap the gnoll but do no damage.
You constrict the gnoll. The gnoll hits you with a +0 whip.
The gnoll hits you with a +0 flail.
* * * LOW HITPOINT WARNING * * *
😨 HP[-8]
You take 8 damage, and now have 14/38 hp.
MASSIVE DAMAGE!! (PAUSE)
You tentacle-slap the gnoll. You grab the gnoll. You constrict the gnoll. x2
The gnoll barely misses you. The gnoll misses you.
The gnoll shouts!
You tentacle-slap the gnoll. You squeeze the gnoll. You constrict the gnoll. x2
You hear a shout!
The gnoll closely misses you. The gnoll barely misses you.
The gnoll misses you.
Unknown command.
You tentacle-slap the gnoll.
You kill the gnoll!
You constrict the gnoll. The gnoll closely misses you.
The gnoll misses you. 😨 HP[+1] Unknown command.
You release your grip on the gnoll.
The gnoll closely misses you. The gnoll attacks as it pursues you!
The gnoll hits you with a +0 whip.
* * * LOW HITPOINT WARNING * * *
Things that are here:
a +0 trident; a +0 leather armour; 😨 HP[-4]
You take 4 damage, and now have 11/38 hp.
The gnoll attacks as it pursues you! The gnoll hits you with a +0 whip!
* * * LOW HITPOINT WARNING * * *
😱 HP[-7]
You take 7 damage, and now have 4/38 hp.
The gnoll attacks as it pursues you!
The gnoll barely misses you. 😱 HP[+1] It was a potion of berserk rage.
A red film seems to cover your vision as you go berserk!
You feel yourself moving faster!
You feel mighty!
The gnoll hits you from afar with a +0 spear.
* * * LOW HITPOINT WARNING * * *
😱 HP[-2]
You now have 57 max hp (+19).
You feel a strong urge to attack something.
The gnoll hits you with a +0 whip.
You die...

Skill      XL: |  1  2  3  4  5  6 |
---------------+-------------------+-----
Stealth        | 2 4 5 6 8 9 |  9.8
Fighting       | |  1.0
Dodging        | |  2.0
Unarmed Combat | |  3.0
Shapeshifting  | |  3.0

Action                     |  1- 3 |  4- 6 || total
---------------------------+-------+-------++-------
  Melee: Unarmed           |    33 |   160 ||   193
         Tentacles         |     6 |    38 ||    44
         Punch             |     1 |     6 ||     7
         Constrict         |     4 |    55 ||    59
    Use: Scroll            |       |     1 ||     1
         Potion            |       |     1 ||     1
   Stab: Sleeping          |     8 |    18 ||    26
         Distracted        |       |     3 ||     3
 Armour: Skin              |    13 |    85 ||    98
  Dodge: Dodged            |    13 |   107 ||   120

Levels and vault maps discovered:
D:1:      psy_arrival_fountain, layout_basic,
          dreamdust_ecumenical_altar_drowned_temple, minmay_misc_feat_plants
D:2:      layout_basic, skrybe_limestone_x, minmay_pentomino_pile, uniq_terence
D:3:      lemuel_castle_with_subvaults [lemuel_castle_interior_carwin_1],
          layout_rooms, cheibriados_altar_1, gup_sewer_entry_spiral,
          kennysheep_potato

Notes
Turn   | Place    | Note
-------+----------+-------------------------------------------
     0 | D:1      | ytrimaz the Octopode Shapeshifter began the quest for the
                  | Orb.
     0 | D:1      | Reached XP level 1. HP: 13/13 MP: 1/1
     0 | D:1      | magus.rc [v1.9.6]
    59 | D:1      | Reached skill level 1 in Stealth
    62 | D:1      | HP: 2/13 [kobold/+0 dagger (3)]
   135 | D:1      | Reached skill level 2 in Stealth
   143 | D:1      | Reached XP level 2. HP: 12/18 MP: 2/2
   255 | D:1      | Found a faded altar of an unknown god.
   260 | D:1      | Reached skill level 3 in Stealth
   734 | D:2      | Reached skill level 4 in Stealth
   734 | D:2      | Reached XP level 3. HP: 23/23 MP: 3/3
  1066 | D:2      | Noticed Terence
  1073 | D:2      | Killed Terence
  1074 | D:2      | Reached skill level 5 in Stealth
  1074 | D:2      | Reached XP level 4. HP: 15/28 MP: 4/4
  1148 | D:2      | You fall into a shaft and drop 1 floor!
  1750 | D:3      | Found a snail-covered altar of Cheibriados.
  1793 | D:3      | Reached skill level 6 in Stealth
  1825 | D:3      | Reached XP level 5. HP: 15/33 MP: 5/5
  2060 | D:3      | Reached skill level 7 in Stealth
  2244 | D:3      | Reached skill level 8 in Stealth
  2244 | D:3      | Reached XP level 6. HP: 23/38 MP: 6/6
  2331 | D:3      | HP: 9/38 [hound (5)]
  2535 | D:3      | Reached skill level 9 in Stealth
  2540 | D:3      | HP: 4/38 [gnoll/+0 spear (6)]
  3117 | D:3      | HP: 4/38 [gnoll/+0 whip (7)]
  3120 | D:3      | Slain by a gnoll

Vanquished Creatures
  A howler monkey (D:3)
  2 hounds (D:3)
  A gnoll bouda (D:3)
  Terence (D:2)
  9 gnolls (D:3)
  4 adders
  2 river rats (D:3)
  5 worms
  A dart slug (D:2)
  21 orcs (D:3)
  2 ball pythons (D:2)
  7 endoplasms
  3 giant cockroaches
  5 goblins
  2 hobgoblins
  14 jackals
  2 quokkas (D:3)
  A bat (D:1)
  A frilled lizard (D:3)
  6 kobolds
  6 rats
  A spectral hobgoblin (D:1)
97 creatures vanquished.

Table legend:
 A = Non-vault XP
 B = Vault XP
 C = Vault XP percentage of total XP
 D = Non-vault monster count
 E = Vault monster count
 F = Vault count percentage of total count
                 A         B        C        D         E       F
            +---------+---------+-------+---------+---------+-------
      Total |      94 |     516 |  84.6 |      39 |      58 |  59.8
            +---------+---------+-------+---------+---------+-------
        D:1 |      29 |       1 |   3.3 |      17 |       1 |   5.6
        D:2 |      28 |      58 |  67.4 |       8 |       5 |  38.5
        D:3 |      37 |     457 |  92.5 |      14 |      52 |  78.8
            +---------+---------+-------+---------+---------+-------

Skill      XL: |  1  2  3  4  5  6 |
---------------+-------------------+-----
Stealth        | 2 4 5 6 8 9 |  9.8
Fighting       | |  1.0
Dodging        | |  2.0
Unarmed Combat | |  3.0
Shapeshifting  | |  3.0

Action                     |  1- 3 |  4- 6 || total
---------------------------+-------+-------++-------
  Melee: Unarmed           |    33 |   160 ||   193
         Tentacles         |     6 |    38 ||    44
         Punch             |     1 |     6 ||     7
         Constrict         |     4 |    55 ||    59
    Use: Scroll            |       |     1 ||     1
         Potion            |       |     1 ||     1
   Stab: Sleeping          |     8 |    18 ||    26
         Distracted        |       |     3 ||     3
 Armour: Skin              |    13 |    85 ||    98
  Dodge: Dodged            |    13 |   107 ||   120

Illustrated notes

Table legend:
 A = Kills in this place as a percentage of kills in the entire game.
 B = Kills by you in this place as a percentage of kills by you in the entire game.
 C = Kills by friends in this place as a percentage of kills by friends in the entire game.
 D = Other kills in this place as a percentage of other kills in the entire game.
 E = Experience gained in this place as a percentage of experience gained in the entire game.
 F = Experience gained in this place divided by the number of levels of this place that you have seen.
                   A       B       C       D       E      F
               +-------+-------+-------+-------+-------+----------------------
         Total | 100.0 | 100.0 |   N/A |   N/A | 100.0 | 203.3
       Dungeon | 100.0 | 100.0 |   N/A |   N/A | 100.0 | 203.3
               +-------+-------+-------+-------+-------+----------------------

Table legend: (Time is in decaauts)
 A = Elapsed time spent in this place.
 B = Non-inter-level travel time spent in this place.
 C = Inter-level travel time spent in this place.
 D = Time resting spent in this place.
 E = Time spent auto-exploring this place.
 F = Levels seen in this place.
 G = Mean time per level.
                   A        B        C        D        E       F      G
               +--------+--------+--------+--------+--------+-----+--------+
         Total |   3108 |   3009 |     99 |    351 |   1892 |   3 | 1036.0 |
       Dungeon |   3108 |   3009 |     99 |    351 |   1892 |   3 | 1036.0 |
               +--------+--------+--------+--------+--------+-----+--------+

Top non-repeatable levels by time:
     D:3: 1428 daAuts
     D:2: 958 daAuts
     D:1: 721 daAuts
